 Dungeon Sprint DCSS version 0.22-a0-897-g1b7a381375 (webtiles) character file.

219 IcyTea the Zephyrmancer (level 5, -1/45 HPs)
             Began as an Ogre Air Elementalist on July 31, 2018.
             Was a Follower of Sif Muna.
             Slain by a yak (13 damage)
             ... in the Dungeon (Sprint IX: "|||||||||||||||||||||||||||||").
             The game lasted 00:04:37 (365 turns).

IcyTea the Zephyrmancer (Ogre Air Elementalist)      Turns: 365, Time: 00:04:39

Health: -1/45      AC:  3    Str: 14    XL:     5   Next: 96%
Magic:  0/8        EV: 14    Int: 19    God:    Sif Muna [*.....]
Gold:   0          SH:  0    Dex:  9    Spells: 7/8 levels left

rFire    . . .     SeeInvis .   l - +2 halberd of Ruination {venom, Str+2 Int+2}
rCold    . . .     Gourm    .   (shield currently unavailable)
rNeg     . . .     Faith    .   a - +0 robe
rPois    .         Spirit   .   (helmet restricted)
rElec    .         Reflect  .   (no cloak)
rCorr    .         Harm     .   (gloves unavailable)
MR       .....     NoTele   +   (boots unavailable)
Stlth    +.........             (no amulet)
HPRegen  0.15/turn              m - +2 ring of evasion
MPRegen  0.11/turn              n - +2 ring of evasion

@: very slightly contaminated
A: large, unfitting armour, tough skin 1
a: Divine Energy, Renounce Religion


You were in the Dungeon.
You worshipped Sif Muna.
Sif Muna was aware of your devotion.
You were not hungry.

You visited 1 branch

Inventory:

Hand Weapons
 l - the +2 halberd of Ruination (weapon) {venom, Str+2 Int+2}
   (You found it in the Dungeon)

   It poisons the flesh of those it strikes.
   It affects your strength (+2).
   It affects your intelligence (+2).
Armour
 a - a +0 robe (worn)
Jewellery
 m - a +2 ring of evasion (left hand)
 n - a +2 ring of evasion (right hand)
Wands
 k - a wand of acid (10)
Scrolls
 h - 3 scrolls of remove curse
 i - 2 scrolls of blinking
 j - 2 scrolls of amnesia
Potions
 b - a potion of invisibility
 d - 5 potions of curing
 e - a potion of heal wounds
 f - a potion of haste
 g - 3 potions of magic
Comestibles
 c - a ration


   Skills:
 - Level 1.7 Dodging
 - Level 1.4 Stealth
 - Level 2.4 Spellcasting
 - Level 0.8 Conjurations
 - Level 11.0 Air Magic


You had 7 spell levels left.
You knew the following spells:

 Your Spells              Type           Power        Failure   Level  Hunger
a - Shock                 Conj/Air       ###.         1%          1    #......

Your spell library contained the following spells:

 Spells                   Type           Power        Failure   Level  Hunger
 Lightning Bolt           Conj/Air       ###.......   36%         5    ######.
 Swiftness                Chrm/Air       ###.....     2%          2    ##.....
 Airstrike                Air            #####.....   1%          4    #####..
 Static Discharge         Conj/Air       ###.....     4%          3    ###....


Dungeon Overview and Level Annotations

Branches:
Dungeon (1/1)

Altars:
Cheibriados
Dithmenos
Elyvilon
Fedhas
Gozag
Hepliaklqana
Kikubaaqudgha
Makhleb
Nemelex Xobeh
Okawaru
Qazlal
Ru
Sif Muna
Trog
Uskayaw
Vehumet
Wu Jian
Xom
Yredelemnul
Zin
The Shining One
Beogh
Jiyva
Lugonu


Innate Abilities, Weirdness & Mutations

You are too large for most types of armour.
You have tough skin. (AC +1)


Message History

Press: ? - help, Shift-Dir - straight line, f - yak
Aim: a yak (heavily wounded)
The zap hits the yak.
The yak is severely wounded.
The zap hits the killer bee.
The killer bee is severely wounded.
The zap misses the wyvern.
Casting: Shock (safe; 1% risk of failure)
Confirm with . or Enter, or press ? or * to list all spells.
Aiming: Shock (safe; 1% risk of failure)
Press: ? - help, Shift-Dir - straight line, f/p - yak
Aim: a yak (severely wounded)
The zap hits the yak.
The yak appears unharmed.
The yak is severely wounded.
The zap hits the killer bee.
The killer bee is almost dead.
The zap hits the wyvern.
The wyvern is heavily wounded.
The yak gores you!
You die... ▓▓▓▓▓▓▓▓▓▓▓▓▓▓▓▓▓▓▓▓▓▓▓▓▓▓▓▓▓▓▓▓▓ ________________@Yyl').|)[[[..'.. ▓▓▓▓▓▓▓▓▓▓▓▓▓▓▓▓▓▓▓▓▓▓▓▓▓▓▓▓▓▓▓▓▓

You could see a yak, a wyvern and a killer bee.

Vanquished Creatures
  An ice beast (D)
  An ogre (D)
  An orc wizard (D)
  An adder (D)
  An orc (D)
  3 giant cockroaches (D)
  A goblin (D)
  A jackal (D)
  A kobold (D)
  A frilled lizard (D)
  A leopard gecko skeleton (D)
13 creatures vanquished.

Vanquished Creatures (others)
  A spatial maelstrom (D)
1 creature vanquished.

Grand Total: 14 creatures vanquished

Notes
Turn   | Place    | Note
-------+----------+-------------------------------------------
     0 | D        | IcyTea the Ogre Air Elementalist began the quest for the Orb.
     0 | D        | Reached XP level 1. HP: 16/16 MP: 3/3
     4 | D        | Reached skill level 3 in Air Magic
     5 | D        | Reached skill level 4 in Air Magic
    11 | D        | Banished a spatial maelstrom
    17 | D        | Reached XP level 2. HP: 22/24 MP: 1/5
    64 | D        | Noticed an ice beast
    71 | D        | HP: 1/24 [adder (2)]
    75 | D        | Reached skill level 5 in Air Magic
    79 | D        | Killed an ice beast
    79 | D        | Reached skill level 8 in Air Magic
    79 | D        | Reached XP level 3. HP: 11/31 MP: 1/6
    79 | D        | Reached XP level 4. HP: 14/39 MP: 1/7
   291 | D        | Found a roughly hewn altar of Beogh.
   291 | D        | Found a snail-covered altar of Cheibriados.
   291 | D        | Found a shadowy altar of Dithmenos.
   291 | D        | Found a white marble altar of Elyvilon.
   291 | D        | Found a blossoming altar of Fedhas.
   291 | D        | Found an opulent altar of Gozag.
   292 | D        | Found a hazy altar of Hepliaklqana.
   293 | D        | Found a viscous altar of Jiyva.
   294 | D        | Found an ancient bone altar of Kikubaaqudgha.
   295 | D        | Found a corrupted altar of Lugonu.
   296 | D        | Found a burning altar of Makhleb.
   297 | D        | Found a sparkling altar of Nemelex Xobeh.
   298 | D        | Found an iron altar of Okawaru.
   299 | D        | Found a stormy altar of Qazlal.
   300 | D        | Found a sacrificial altar of Ru.
   301 | D        | Found a deep blue altar of Sif Muna.
   302 | D        | Found a bloodstained altar of Trog.
   303 | D        | Found a hide-covered altar of Uskayaw.
   304 | D        | Found a radiant altar of Vehumet.
   305 | D        | Found an ornate altar of the Wu Jian Council.
   306 | D        | Found a shimmering altar of Xom.
   307 | D        | Found a basalt altar of Yredelemnul.
   308 | D        | Found a glowing silver altar of Zin.
   309 | D        | Found a glowing golden altar of the Shining One.
   313 | D        | Became a worshipper of Sif Muna the Loreminder
   331 | D        | Got the +2 halberd of Ruination {venom, Str+2 Int+2}
   342 | D        | Noticed an ogre
   342 | D        | Noticed a yak
   342 | D        | Noticed a wyvern
   363 | D        | Killed an ogre
   363 | D        | Reached * piety under Sif Muna
   363 | D        | Reached skill level 10 in Air Magic
   363 | D        | Reached XP level 5. HP: 12/45 MP: 2/8
   363 | D        | Reached skill level 11 in Air Magic
   365 | D        | Slain by a yak

Vault maps used:
D:        linesprint

Skill      XL: |  1  2  3  4  5 |
---------------+----------------+-----
Air Magic      | 4 8 10 11 | 11.0
Dodging        | |  1.7
Stealth        | |  1.4
Spellcasting   | |  2.4
Conjurations   | |  0.8

Action                   |  1- 3 |  4- 6 || total
-------------------------+-------+-------++-------
Melee: Unarmed           |    12 |       ||    12
 Cast: Shock             |    13 |     8 ||    21
  Use: Potion            |     3 |     1 ||     4
Armor: Robe              |     7 |       ||     7
Dodge: Dodged            |    12 |     1 ||    13

Table legend:
 A = Spawn XP
 B = Non-spawn XP
 C = Spawn XP percentage of total XP
 D = Spawn monster count
 E = Non-spawn monster count
 F = Spawn count percentage of total count
 G = Total turns spent on level
                    A         B        C        D         E        F      G
               +---------+---------+-------+---------+---------+-------+---------
         Total |       0 |     314 |   0.0 |       0 |      13 |   0.0 |   365
               +---------+---------+-------+---------+---------+-------+---------
             D |       0 |     314 |   0.0 |       0 |      13 |   0.0 |   365
               +---------+---------+-------+---------+---------+-------+---------
